 Dungeon Crawl Stone Soup version 0.24.0-125-gc4c63601f3 (webtiles) character file.

Game seed: 3228769648731791006, levelgen mode: deterministic

174 Doot the Sneak (level 5, -2/32 HPs)
             Began as a Vampire Enchanter on Mar 21, 2020.
             Slain by a centaur (3 damage)
             ... on level 4 of the Dungeon.
             The game lasted 00:05:22 (1886 turns).

Doot the Sneak (Vampire Enchanter)                  Turns: 1886, Time: 00:05:23

Health: -2/32      AC:  2    Str:  7      XL:     5   Next: 28%
Magic:  7/9        EV: 13    Int: 17 (18) God:
Gold:   143        SH:  0    Dex: 15      Spells: 3/9 levels left

rFire    . . .     SeeInvis +   a - +1 dagger
rCold    . . .     Gourm    .   (no shield)
rNeg     . . .     Faith    .   b - +0 robe
rPois    .         Spirit   .   (no helmet)
rElec    .         Reflect  .   (no cloak)
rCorr    .         Harm     .   (no gloves)
MR       .....                  (no boots)
Stlth    +++.......             (no amulet)
HPRegen  0.30/turn              (no ring)
MPRegen  0.11/turn              (no ring)

@: regenerating quickly
A: no food, fangs 3, see invisible, [frail 1], unbreathing
a: Exsanguinate


You were on level 4 of the Dungeon.
You were alive.

You visited 1 branch of the dungeon, and saw 4 of its levels.

You collected 143 gold pieces.

Inventory:

Hand Weapons
 a - a +1 dagger (weapon)
Armour
 b - a +0 robe (worn)
Scrolls
 d - a scroll of remove curse {unknown}
 f - 3 scrolls of identify {unknown}
 i - a scroll of fear {unknown}
 j - a scroll of fog {unknown}
Potions
 c - a potion of resistance {unknown}
 e - a potion of brilliance {unknown}
 g - a potion of mutation {unknown}
 h - a potion of lignification {unknown}


   Skills:
 + Level 0.5 Fighting
 + Level 1.7 Short Blades
 + Level 2.5 Dodging
 + Level 6.6 Stealth
 + Level 2.8 Spellcasting
 + Level 5.2 Hexes
 + Level 1.6 Ice Magic


You had 3 spell levels left.
You knew the following spells:

 Your Spells              Type           Power        Failure   Level  Hunger
a - Corona                Hex            ###....      1%          1    N/A
b - Ensorcelled Hibernat  Hex/Ice        ##....       7%          2    N/A
c - Confuse               Hex            ###.....     6%          3    N/A

Your spell library contained the following spells:

 Spells                   Type           Power        Failure   Level  Hunger
 Tukima's Dance           Hex            ###.....     6%          3    N/A
 Dazzling Spray           Conj/Hex       ##....       19%         3    N/A

Dungeon Overview and Level Annotations

Branches:
Dungeon (4/15)
 Temple: D:4-7

Altars:

Annotations:
D:3 Robin


Innate Abilities, Weirdness & Mutations

You do not eat.
Your natural rate of healing is unusually fast.
You have razor-sharp teeth.
You have supernaturally acute eyesight. (SInv)
You can survive without breathing.
[You are frail. (-10% HP)]


Message History

Found a stone staircase leading up.
A centaur comes into view.
Found a scroll labeled EFANLEO JOVOYRRO.
The centaur shouts!
The centaur wields a +0 shortbow.
The centaur shoots an arrow.
The arrow hits you!!
Ouch! That really hurt!
You see here an arrow.
The centaur unwields a +0 shortbow.
The centaur hits you!
* * * LOW HITPOINT WARNING * * *
The centaur hits you.
* * * LOW HITPOINT WARNING * * *
Unknown command.
Casting: Ensorcelled Hibernation (safe; 7% risk of failure)
Confirm with . or Enter, or press ? or * to list all spells.
Aiming: Ensorcelled Hibernation (safe; 7% risk of failure)
Press: ? - help, Shift-Dir - straight line, f - centaur
Aim: a centaur (chance to defeat MR: 45%)
The centaur resists with some effort.
The centaur hits you.
You die...

....... ..#.... ..
....... ..... .......
..... .......
....#####.......
#......c..........
#......@.........#
#.....(..........
#...............
+..............
#####....[.........
+..............#.#.
######.###.#.#.#.###...
.........................
....#...........#.......?


You could see a centaur.

Vanquished Creatures
  3 orc wizards
  3 gnolls
  2 adders
  2 worms
  A dart slug (D:2)
  A leopard gecko (D:1)
  2 orcs
  2 ball pythons (D:1)
  7 bats
  6 hobgoblins
  A kobold (D:1)
  3 frilled lizards
  4 goblins
  2 rats (D:1)
39 creatures vanquished.

Notes
Turn   | Place    | Note
-------+----------+-------------------------------------------
     0 | D:1      | Doot the Vampire Enchanter began the quest for the Orb.
     0 | D:1      | Reached XP level 1. HP: 13/13 MP: 3/3
   206 | D:1      | Reached XP level 2. HP: 19/19 MP: 5/5
   248 | D:1      | Reached skill level 5 in Stealth
   374 | D:1      | Learned a level 2 spell: Ensorcelled Hibernation
   443 | D:2      | Reached XP level 3. HP: 24/24 MP: 2/6
   620 | D:3      | Noticed Robin
  1170 | D:1      | Reached skill level 6 in Stealth
  1300 | D:3      | Reached XP level 4. HP: 24/27 MP: 4/7
  1311 | D:3      | Learned a level 3 spell: Confuse
  1632 | D:2      | Reached skill level 5 in Hexes
  1632 | D:2      | Reached skill level 1 in Ice Magic
  1736 | D:3      | Reached XP level 5. HP: 32/32 MP: 7/9
  1869 | D:4      | Noticed a centaur
  1885 | D:4      | HP: 1/32 [centaur (4)]
  1886 | D:4      | Slain by a centaur

Levels and vault maps discovered:
D:1:      dpeg_arrival_arbitrary_c, layout_loops_cross
D:2:      layout_basic, tgw_xom, first_ration
D:3:      layout_rooms, old_standard_altar, grunt_dithmenos_smoke,
          uniq_crazy_yiuf_cottage, uniq_robin
D:4:      layout_basic, marbit_many_paths, gammafunk_ghost_split, serial_shops,
          nicolae_shop_window_shopping, nrook_campfire,
          nicolae_underground_beach, uniq_ijyb, uniq_sigmund

Skill      XL: |  1  2  3  4 |
---------------+-------------+-----
Stealth        | 5 6 |  6.6
Hexes          | 5 |  5.2
Ice Magic      | 1 |  1.6
Fighting       | |  0.5
Short Blades   | |  1.7
Dodging        | |  2.5
Spellcasting   | |  2.8

Action                   |  1- 3 |  4- 6 || total
-------------------------+-------+-------++-------
Melee: Dagger            |    63 |     9 ||    72
       Bite              |     3 |       ||     3
 Cast: Corona            |     7 |       ||     7
       Ensorcelled Hiber |    16 |    15 ||    31
 Abil: Bat Form          |     1 |       ||     1
       Exsanguinate      |     1 |       ||     1
       Revivify          |     1 |       ||     1
 Stab: Sleeping          |    21 |     6 ||    27
       Distracted        |       |     1 ||     1
Armor: Robe              |    19 |     1 ||    20
Dodge: Dodged            |    67 |     6 ||    73
